AoeStats
← pablonahuels_

Arena

509007928Analyzed
4v4 RM · 7d ago on Sep 25, 2026· 52m 48s· 8 players
Game mode
Random Map
Map size
Large (8 player)
Population
200
Speed
Normal
Resources
Standard
Victory
Conquest
Starting age
Dark Age
Ending age
Imperial Age
RankedLock teamsTeams togetherTeam positionsShared explorationLock speedFull tech treeHidden civsTurbo modeCheats
Victory
Defeat
🇦🇷 Malay · Argentina
650
+13
🇦🇷 Italians · Argentina
632
+14
🇦🇷 Mongols · Argentina
630
+14
🇦🇷 Persians · Argentina
579
+16
🇨🇳 Franks · China
619
-16
🇺🇸 Teutons · United States
589
-14
🇺🇸 Byzantines · United States
588
-14
🇹🇼 Aztecs · Taiwan
553
-13
Yurmus
12:04 Feudal Age
10:40 Loom
28:10 Castle Age
31:39 Crossbowman
34:48 Fletching
39:01 Padded Archer Armor
SDBFP06!
0:28 Loom
12:15 Feudal Age
13:59 Wheelbarrow
14:03 Town Watch
16:53 Stone Mining
16:54 Double-Bit Axe
17:02 Gold Mining
16:56 Horse Collar
26:10 Castle Age
1961861699
11:24 Feudal Age
12:46 Double-Bit Axe
15:30 Castle Age
19:24 Loom
20:37 Wheelbarrow
21:37 Hand Cart
31:49 Imperial Age
31:45 Forging
31:40 Scale Barding Armor
31:58 Town Watch
32:34 Husbandry
33:10 Iron Casting
33:08 Town Patrol
33:14 Caravan
32:43 Cavalier
33:46 Conscription
33:26 Chivalry
33:48 Chain Barding Armor
33:23 Gold Mining
33:24 Stone Mining
34:01 Bow Saw
35:31 Blast Furnace
34:02 Paladin
36:27 Plate Barding Armor
36:42 Gold Shaft Mining
37:19 Treadmill Crane
38:01 Ballistics
38:43 Chemistry
37:43 Murder Holes
41:06 Masonry
41:03 Siege Engineers
43:46 Capped Ram
43:49 Heavy Scorpion
domoowop (Y.O. Ko)
3:13 Loom
12:38 Feudal Age
13:15 Double-Bit Axe
14:43 Horse Collar
15:17 Gold Mining
16:11 Wheelbarrow
18:11 Castle Age
18:12 Man-at-Arms
19:50 Squires
22:48 Heavy Plow
25:43 Padded Archer Armor
25:18 Crossbowman
28:04 Fletching
28:30 Leather Archer Armor
29:09 Elite Skirmisher
30:43 Bodkin Arrow
37:31 Bow Saw
49:20 Stone Mining
braianbarrientos97
15:20 Feudal Age
16:41 Arson
23:36 Castle Age
21:49 Double-Bit Axe
24:27 Wheelbarrow
24:46 Pikeman
25:27 Squires
25:25 Gambesons
31:18 Guard Tower
46:41 Imperial Age
46:29 Caravan
47:00 Coinage
47:02 Gold Mining
48:41 Chemistry
47:40 Halberdier
50:47 Elite Skirmisher
50:48 Crossbowman
51:54 Parthian Tactics
Tsunami
9:51 Feudal Age
9:04 Loom
15:02 Castle Age
14:01 Wheelbarrow
13:22 Double-Bit Axe
13:39 Horse Collar
18:16 Hand Cart
19:24 Bow Saw
19:19 Heavy Plow
19:37 Fletching
25:28 Bodkin Arrow
30:43 Ballistics
31:47 Padded Archer Armor
35:43 Imperial Age
34:25 Leather Archer Armor
35:09 Stone Mining
35:10 Gold Mining
37:59 Bracer
39:06 Elite Mangudai
40:05 Bloodlines
39:56 Husbandry
39:35 Elite Mangudai
51:14 Chemistry
Narubl
7:52 Loom
10:56 Feudal Age
12:02 Double-Bit Axe
11:59 Horse Collar
20:55 Castle Age
19:16 Town Watch
21:01 Wheelbarrow
19:54 Man-at-Arms
20:52 Gold Mining
26:32 Heavy Plow
26:46 Bow Saw
29:11 Arson
32:44 Treadmill Crane
33:02 Murder Holes
33:24 Forging
33:09 Fletching
33:32 Stone Mining
34:21 Gold Shaft Mining
33:09 Pikeman
33:49 Squires
33:11 Long Swordsman
37:19 Imperial Age
35:02 Crossbowman
36:38 Hand Cart
38:06 Iron Casting
38:30 Conscription
38:35 Halberdier
40:31 Elite Karambit Warrior
42:56 Masonry
47:58 Ballistics
50:23 Blast Furnace
pablonahuels_
11:59 Feudal Age
10:42 Loom
17:49 Man-at-Arms
18:53 Horse Collar
24:22 Arson
26:21 Scale Mail Armor
26:59 Double-Bit Axe
27:57 Fletching
29:25 Wheelbarrow
29:39 Gold Mining
29:40 Stone Mining
31:34 Bloodlines
34:31 Castle Age
35:04 Forging
35:01 Scale Barding Armor
36:00 Heavy Plow
36:43 Hand Cart
36:56 Bow Saw
39:15 Husbandry
38:35 Light Cavalry
41:59 Imperial Age
40:28 Town Watch
41:26 Stone Shaft Mining
40:40 Long Swordsman
44:29 Cavalier
47:14 Hussar
49:36 Chain Barding Armor
49:32 Chain Mail Armor
49:18 Padded Archer Armor
49:50 Coinage
50:24 Two-Man Saw
49:57 Crop Rotation
51:51 Plate Barding Armor
51:52 Iron Casting
51:13 Bodkin Arrow
52:50 Town Patrol
53:53 Chemistry
53:26 Plate Mail Armor
53:11 Leather Archer Armor
Connection lost

Rejoining the realm…

Still unreachable

The connection could not be restored.

Session expired

The server has moved on; the page needs a fresh start.